 Dungeon Crawl Stone Soup version 0.29.1-2-gbd0b4ee654 (webtiles) character file.

Game seed: 8033758490015291468

347 Earthwalker the Shield-Bearer (level 6, -12/50 HPs)
             Began as a Formicid Fighter on Oct 27, 2022.
             Mangled by Edmund
             ... wielding a +7 dire flail of venom
              (13 damage)
             ... on level 4 of the Dungeon.
             The game lasted 00:06:24 (2531 turns).

Earthwalker the Shield-Bearer (Formicid Fighter)    Turns: 2531, Time: 00:06:24

Health: -12/50     AC:  7    Str: 23    XL:     6   Next: 91%
Magic:  6/6        EV:  9    Int:  7    God:
Gold:   82         SH:  5    Dex: 13    Spells: 5/5 levels left

rFire   + . .      SeeInvis +   a - +0 war axe
rCold   . . .      Faith    .   c - +0 buckler
rNeg    . . .      Spirit   .   b - +0 scale mail
rPois   .          Reflect  .   (helmet unavailable)
rElec   .          Harm     .   (no cloak)
rCorr   .          Rampage  .   (no gloves)
Will    .....                   (no boots)
Stlth   ..........              (no amulet)
HPRegen 0.16/turn               k - ring of protection from fire
MPRegen 0.10/turn               (no ring)

@: lethally poisoned (-12 -> -49)
A: permanent stasis, dig shafts and tunnels, antennae 3, four strong arms
a: Dig, Shaft Self


You were on level 4 of the Dungeon.
You visited 1 branch of the dungeon, and saw 4 of its levels.

You collected 82 gold pieces.

Inventory:

Hand Weapons
 a - a +0 war axe (weapon)
Missiles
 m - 4 curare-tipped darts (quivered)
Armour
 b - a +0 scale mail (worn)
 c - a +0 buckler (worn)
Jewellery
 k - a ring of protection from fire (left hand)
Wands
 s - a wand of polymorph (5)
Scrolls
 e - 6 scrolls of identify {unknown}
 g - 4 scrolls of vulnerability {unknown}
 i - a scroll of fear {unknown}
 n - a scroll of amnesia {unknown}
 o - a scroll of magic mapping {unknown}
 p - a scroll of silence {unknown}
 r - a scroll of noise {unknown}
 u - a scroll of teleportation {unknown}
Potions
 d - a potion of might
 f - 2 potions of curing {unknown}
 h - 2 potions of heal wounds {unknown}
 j - 2 potions of lignification {unknown}
 l - a potion of degeneration {unknown}
 q - a potion of magic {unknown}
 t - a potion of invisibility {unknown}
 v - a potion of attraction {unknown}


   Skills:
 + Level 4.8 Fighting
 + Level 3.6 Axes
 + Level 4.8 Armour
 + Level 5.8 Shields


You had 5 spell levels left.
You didn't know any spells.
Your spell library contained the following spells:

 Spells                   Type           Power      Damage    Failure   Level
 Sandblast                Erth           0%         2d4       80%         1
 Passwall                 Tmut/Erth      0%         N/A       90%         2
 Stone Arrow              Conj/Erth      0%         3d7       99%         3


Dungeon Overview and Level Annotations

Branches:
Dungeon (4/15)
 Temple: D:4-7

Altars:
Cheibriados

Annotations:
D:2 Sigmund
D:4 Edmund


Innate Abilities, Weirdness & Mutations

You cannot be hasted, slowed, berserked, paralysed or teleported.
You can dig through walls and to a lower floor.
You have a pair of large antennae on your head. (SInv)
Your four strong arms can wield two-handed weapons with a shield.


Message History

The ogre looks as sick as possible!
The ogre convulses.
The ogre seems to be slow for longer.
The ogre is moderately wounded.
You throw a curare-tipped dart. The curare-tipped dart hits the ogre.
The ogre looks as sick as possible!
The ogre convulses.
The ogre seems to be slow for longer.
The ogre is almost dead.
You kill the ogre!
You now have 77 gold pieces (gained 9).
m - 4 curare-tipped darts (gained 1)
You see here a +0 giant club.
m - 6 curare-tipped darts (gained 2)
Found 5 gold pieces.
Found a stone staircase leading down.
You now have 82 gold pieces (gained 5).
Found a book of Geomancy.
v - a fuming yellow potion You sense a monster nearby.
Edmund the Younger comes into view.
He is wielding a +7 dire flail of venom.
Edmund shouts!
You see here a book of Geomancy.
You throw a curare-tipped dart.
The curare-tipped dart barely misses Edmund.
You throw a curare-tipped dart.
The curare-tipped dart closely misses Edmund.
You slash Edmund!
Edmund is lightly wounded.
Edmund hits you with a +7 dire flail of venom.
You closely miss Edmund.
Edmund is lightly wounded.
Edmund hits you with a +7 dire flail of venom!
You are lethally poisoned!
Edmund hits you with a +7 dire flail of venom!
You are more poisoned.
You barely miss Edmund.
Edmund is lightly wounded.
* * * LOW HITPOINT WARNING * * *
You feel extremely sick.
Edmund hits you with a +7 dire flail of venom!
You die...

## #. # ##. # #.
((## ..
####.###.#.#.##
.......@#...... ...
.......@..# ####.#
.!.......#.###
...... .#......###..
#.##.# #..###..#.#
#.##.# #..# #.#.#
#.##.# #..###.#.#
###.##.####..#.....#
#...)........#..>..#
....##.............#


You could see Edmund.

Vanquished Creatures
  A black bear (D:3)
  An ogre (D:4)
  Natasha (D:2)
  An iguana (D:4)
  A mummy (D:4)
  3 gnolls (D:3)
  An adder (D:3)
  5 dart slugs
  2 orcs (D:3)
  2 bats (D:1)
  5 endoplasms
  5 giant cockroaches
  8 goblins
  5 hobgoblins
  3 jackals (D:1)
  2 quokkas
  7 ball pythons
  2 frilled lizards (D:1)
  A hobgoblin zombie (D:4)
  6 kobolds
  2 kobold zombies (D:4)
  An orc zombie (D:4)
  4 rats
69 creatures vanquished.

Notes
Turn   | Place    | Note
-------+----------+-------------------------------------------
     0 | D:1      | Earthwalker the Formicid Fighter began the quest for the
                  | Orb.
     0 | D:1      | Reached XP level 1. HP: 18/18 MP: 1/1
   110 | D:1      | Reached XP level 2. HP: 24/24 MP: 2/2
   362 | D:1      | Reached XP level 3. HP: 29/29 MP: 3/3
   714 | D:1      | Found a faded altar of an unknown god.
   783 | D:2      | Noticed Natasha
   783 | D:2      | Noticed Sigmund
   954 | D:2      | Killed Natasha
   955 | D:2      | Reached XP level 4. HP: 26/37 MP: 4/4
  1263 | D:3      | Reached XP level 5. HP: 27/42 MP: 5/5
  1324 | D:3      | Reached skill level 5 in Shields
  1836 | D:3      | Noticed a black bear
  1846 | D:3      | Killed a black bear
  1847 | D:3      | Reached XP level 6. HP: 33/49 MP: 6/6
  2083 | D:3      | Found a snail-covered altar of Cheibriados.
  2495 | D:4      | Noticed an ogre
  2498 | D:4      | Killed an ogre
  2526 | D:4      | Noticed Edmund
  2531 | D:4      | HP: 1/50 [poisoned by Edmund]
  2531 | D:4      | Mangled by Edmund

Illustrated notes

Levels and vault maps discovered:
D:1:      dpeg_arrival_simpleton_a, layout_loops_ring,
          shapermc_ecumenical_altar_acropolis
D:2:      layout_rooms, uniq_sigmund, uniq_natasha
D:3:      layout_basic, overflow_temple_1_default
D:4:      layout_loops_ring, marbit_many_paths, minmay_mini_ossuary,
          uniq_eustachio, uniq_edmund

Skill      XL: |  1  2  3  4  5 |
---------------+----------------+-----
Armour         | 4 |  4.8
Fighting       | 4 |  4.8
Shields        | 5 |  5.8
Axes           | 3 |  3.6

Action                   |  1- 3 |  4- 6 || total
-------------------------+-------+-------++-------
Melee: War axe           |    75 |   116 ||   191
Throw: Dart              |       |     5 ||     5
Armor: Scale mail        |    46 |    51 ||    97
Dodge: Dodged            |    34 |    43 ||    77
Block: Buckler           |    16 |    23 ||    39
